Quebec Nordiques vs Montreal Canadiens
Created - Monday, October 27, 2025 at 07:27
Goals
|
| Quebec Nordiques |
2 |
0 |
1 |
1 |
4 |
| Montreal Canadiens |
2 |
1 |
0 |
0 |
3 |
|
Shots
|
| Quebec Nordiques |
18 |
4 |
7 |
1 |
30 |
| Montreal Canadiens |
11 |
11 |
15 |
3 |
40 |
|
1st period
1. Montreal Canadiens , Macklin Celebrini 40 (Brad Marchand 27) at 4:27
2. Quebec Nordiques , Shane Pinto 14 (Frederick Gaudreau 20, Brock Faber 23) at 8:32
3. Montreal Canadiens , Dylan Larkin 30 (Martin Necas 51) at 15:35
4. Quebec Nordiques , Matthew Knies 23 (Alex Vlasic 17, Joseph Woll) at 18:52 (SH)
Penalties :
Alex DeBrincat (QUE) for Cross-checking (Minor) at 17:48
2nd period
5. Montreal Canadiens , Martin Necas 34 (Dylan Larkin 41) at 5:47
Penalties :
Brad Marchand (MTL) for Cross-checking (Minor) at 0:53, Dylan Larkin (MTL) for Cross-checking (Minor) at 9:36, Patrick Kane (QUE) for Cross-checking (Minor) at 17:23
3rd period
6. Quebec Nordiques , Patrick Kane 31 (Alex Vlasic 18) at 17:56
Penalties :
Brad Marchand (MTL) for Hooking (Minor) at 3:38
Overtime #1
7. Quebec Nordiques , Alex DeBrincat 33 (Connor McDavid 56) at 2:08
Penalties :
No Penalty
Goalie Stats
Joseph Woll (QUE), 37 saves from 40 shots - (0.925), W, 33-15-1, 62:08 minutes
Stuart Skinner (MTL), 26 saves from 30 shots - (0.867), OTL, 27-17-5, 62:08 minutes
Players Stats for Quebec Nordiques
Player Name G A P +/- PIM S H SB GA TA FO MP PP MP PK MP
------------------------------------------------------------------------------------
Alex DeBrincat 1 0 1 1 2 4 3 0 0 0 0/0 20:28 3:01 0:03
Alex Vlasic 0 2 2 2 0 0 0 3 0 0 0/0 24:58 2:14 2:22
Alexandre Carrier 0 0 0 0 0 0 1 1 0 1 0/0 15:16 0:00 1:36
Brock Faber 0 1 1 1 0 0 1 1 1 1 0/0 19:47 0:00 0:00
Connor McDavid 0 1 1 1 0 0 1 1 1 0 10/16 21:43 3:43 0:17
Frederick Gaudreau 0 1 1 1 0 1 0 0 1 0 0/0 11:02 0:00 2:27
Jake Middleton 0 0 0 0 0 0 1 0 0 0 0/0 15:16 0:00 1:36
Marco Rossi 0 0 0 1 0 4 2 1 1 0 7/16 14:13 0:27 0:00
Matt Duchene 0 0 0 1 0 1 1 0 0 0 2/4 18:37 2:55 0:35
Matthew Knies 1 0 1 -2 0 3 1 0 4 2 0/0 16:50 2:35 1:22
Michael Anderson 0 0 0 0 0 0 2 3 0 1 0/0 19:55 0:00 2:22
Michael McCarron 0 0 0 1 0 0 0 1 0 0 0/0 9:39 0:21 0:45
Nikolaj Ehlers 0 0 0 1 0 4 1 0 2 0 0/0 16:02 2:35 0:00
Patrick Kane 1 0 1 1 2 1 1 0 0 0 1/1 16:10 2:14 0:00
Rickard Rakell 0 0 0 -3 0 2 0 1 0 0 0/0 15:34 3:01 0:00
Shane Pinto 1 0 1 1 0 3 2 0 1 0 3/6 11:33 0:21 2:27
Steven Stamkos 0 0 0 -3 0 6 1 0 0 0 5/16 15:12 2:35 0:00
Thomas Harley 0 0 0 -1 0 1 0 0 0 0 0/0 22:17 3:43 0:00
Players Stats for Montreal Canadiens
Player Name G A P +/- PIM S H SB GA TA FO MP PP MP PK MP
------------------------------------------------------------------------------------
Adam Fox 0 0 0 -1 0 1 1 1 1 3 0/0 19:56 1:52 0:00
Arttu Hyry 0 0 0 0 0 0 1 0 2 0 0/0 8:43 0:00 0:00
Brad Marchand 0 1 1 1 4 3 2 1 0 0 0/0 16:35 1:58 0:00
Brady Skjei 0 0 0 0 0 0 1 1 0 0 0/0 24:03 2:06 2:36
Damon Severson 0 0 0 -1 0 2 2 0 0 1 0/0 17:55 2:06 0:00
Drew O'Connor 0 0 0 -2 0 1 0 0 0 1 0/2 15:49 0:00 2:58
Dylan Larkin 1 1 2 0 2 7 1 0 0 0 13/20 17:59 2:00 0:00
Erik Brannstrom 0 0 0 0 0 1 1 0 0 0 0/0 8:29 0:00 0:00
Ilya Lyubushkin 0 0 0 0 0 1 0 0 1 3 0/0 19:27 0:00 2:36
Jake Evans 0 0 0 2 0 1 5 1 0 1 0/1 17:16 0:00 2:54
Jeff Petry 0 0 0 0 0 0 1 2 0 0 0/0 18:14 0:00 3:21
Juraj Slafkovsky 0 0 0 0 0 0 5 0 1 0 0/0 16:23 2:00 0:05
Lane Hutson 0 0 0 0 0 2 2 0 0 0 0/0 24:41 1:52 3:21
Macklin Celebrini 1 0 1 1 0 5 0 2 0 0 9/18 16:43 1:58 0:00
Martin Necas 1 1 2 1 0 2 1 0 0 1 0/1 18:15 1:58 0:05
Patrik Laine 0 0 0 -3 0 4 1 0 0 0 0/0 14:51 2:00 0:00
Ryan Poehling 0 0 0 -2 0 5 1 1 0 1 5/11 15:46 0:00 2:54
Teddy Blueger 0 0 0 0 0 5 3 1 0 0 4/6 11:27 0:00 2:58
3 Stars
1 - Martin Necas (MTL)
2 - Alex Vlasic (QUE)
3 - Shane Pinto (QUE)
Power Play
Quebec Nordiques - 0 on 3 Attempt(s) - 0.00%
Montreal Canadiens - 0 on 2 Attempt(s) - 0.00%
Penalty Kill
Quebec Nordiques - 2 on 2 Attempt(s) - 100.00%
- Score 1 goal in Penalty Kill
Montreal Canadiens - 3 on 3 Attempt(s) - 100.00%
- Score 0 goal in Penalty Kill
Team Stat
Quebec Nordiques - Hits : 18 - Faceoff Wins : 28 - Blocked Shots : 12 - Penalty Minutes : 4
Montreal Canadiens - Hits : 28 - Faceoff Wins : 31 - Blocked Shots : 10 - Penalty Minutes : 6
Official
Referees : Justin Kea and Ghislain Hebert
Linesman : Shandor Alphonso and Travis Gawryletz
Game Notes
No Game Note
Finance
Level 1 -- Attendance: 6000 (100.00%) -- Ticket Income $558,000
Level 2 -- Attendance: 5000 (100.00%) -- Ticket Income $265,000
Level 3 -- Attendance: 3000 (100.00%) -- Ticket Income $96,000
Level 4 -- Attendance: 4850 (97.00%) -- Ticket Income $106,700
Luxury Box -- Attendance: 756 (75.60%) -- Ticket Income $147,420
Game was played at the Bell Centre.
Total Attendance: 19606 (98.03%)
Total Ticket Income: $1,173,120
Other Income: $410,592
Total Income: $1,583,712
Quebec Nordiques
5 vs 5 Forward
Center Left Wing Right Wing Time % Phy DF OF
1 Connor McDavid Alex DeBrincat Matt Duchene 32 1 1 3
2 Steven Stamkos Matthew Knies Rickard Rakell 30 1 1 3
3 Marco Rossi Patrick Kane Nikolaj Ehlers 28 1 1 3
4 Shane Pinto Frederick Gaudreau Michael McCarron 10 1 3 1
5 vs 5 Defense
Defense Defense Time % Phy DF OF
1 Alex Vlasic Brock Faber 36 1 2 2
2 Thomas Harley Michael Anderson 34 1 2 2
3 Jake Middleton Alexandre Carrier 25 1 2 2
4 Alex Vlasic Thomas Harley 5 1 2 2
PowerPlay Forward
Center Left Wing Right Wing Time % Phy DF OF
1 Matt Duchene Alex DeBrincat Rickard Rakell 60 1 0 4
2 Steven Stamkos Matthew Knies Nikolaj Ehlers 40 1 0 4
PowerPlay Defense
Defense Defense Time % Phy DF OF
1 Connor McDavid Thomas Harley 60 1 1 3
2 Patrick Kane Alex Vlasic 40 1 1 3
Penalty Kill 4 Players Forward
Center Wing Time % Phy DF OF
1 Shane Pinto Frederick Gaudreau 60 2 3 0
2 Michael McCarron Matthew Knies 40 2 3 0
Penalty Kill 4 Players Defense
Defense Defense Time % Phy DF OF
1 Alex Vlasic Michael Anderson 60 2 3 0
2 Alexandre Carrier Jake Middleton 40 2 3 0
Penalty Kill - 3 Players Forward
Forward Time % Phy DF OF
1 Shane Pinto 60 2 3 0
2 Michael McCarron 40 2 3 0
Penalty Kill - 3 Players Defense
Defense Defense Time % Phy DF OF
1 Alex Vlasic Michael Anderson 60 2 3 0
2 Alexandre Carrier Jake Middleton 40 1 3 0
4 vs 4 Forward
Center Wing Time % Phy DF OF
1 Connor McDavid Alex DeBrincat 60 1 1 3
2 Matt Duchene Rickard Rakell 40 1 1 3
4 vs 4 Defense
Defense Defense Time % Phy DF OF
1 Alex Vlasic Brock Faber 60 1 2 2
2 Thomas Harley Michael Anderson 40 1 2 2
Last Minutes Offensive
Center Left Wing Right Wing Defense Defense
Connor McDavid Matt Duchene Alex DeBrincat Thomas Harley Brock Faber
Last Minutes Defensive
Center Left Wing Right Wing Defense Defense
Shane Pinto Frederick Gaudreau Michael McCarron Alex Vlasic Michael Anderson
Goaltenders
Starting : Joseph Woll
Backup : Lukas Dostal
Extra Forwards
Normal : Marco Rossi, Patrick Kane, Nikolaj Ehlers - PP : Marco Rossi, Shane Pinto - PK : Matt Duchene
Extra Defensemen
Normal : Alex Vlasic, Jake Middleton, Alexandre Carrier - PP : Alexandre Carrier - PK : Brock Faber, Thomas Harley
Penalty Shots
Alex DeBrincat, Connor McDavid, Matt Duchene, Patrick Kane, Rickard Rakell
Scratches
Connor Brown (Healthy)
Montreal Canadiens
5 vs 5 Forward
Center Left Wing Right Wing Time % Phy DF OF
1 Dylan Larkin Martin Necas Jake Evans 30 0 0 5
2 Macklin Celebrini Juraj Slafkovsky Brad Marchand 30 0 0 5
3 Ryan Poehling Drew O'Connor Patrik Laine 25 1 4 0
4 Teddy Blueger Erik Brannstrom Arttu Hyry 15 1 4 0
5 vs 5 Defense
Defense Defense Time % Phy DF OF
1 Brady Skjei Lane Hutson 35 1 4 0
2 Jeff Petry Damon Severson 35 1 4 0
3 Ilya Lyubushkin Adam Fox 30 1 4 0
4 Brady Skjei Lane Hutson 0 0 5 0
PowerPlay Forward
Center Left Wing Right Wing Time % Phy DF OF
1 Macklin Celebrini Brad Marchand Martin Necas 50 0 0 5
2 Dylan Larkin Juraj Slafkovsky Patrik Laine 50 0 0 5
PowerPlay Defense
Defense Defense Time % Phy DF OF
1 Lane Hutson Adam Fox 50 0 0 5
2 Brady Skjei Damon Severson 50 0 0 5
Penalty Kill 4 Players Forward
Center Wing Time % Phy DF OF
1 Ryan Poehling Jake Evans 50 0 5 0
2 Teddy Blueger Drew O'Connor 50 0 5 0
Penalty Kill 4 Players Defense
Defense Defense Time % Phy DF OF
1 Brady Skjei Ilya Lyubushkin 50 0 5 0
2 Lane Hutson Jeff Petry 50 0 5 0
Penalty Kill - 3 Players Forward
Forward Time % Phy DF OF
1 Jake Evans 50 0 5 0
2 Ryan Poehling 50 0 5 0
Penalty Kill - 3 Players Defense
Defense Defense Time % Phy DF OF
1 Brady Skjei Ilya Lyubushkin 50 0 5 0
2 Lane Hutson Jeff Petry 50 0 5 0
4 vs 4 Forward
Center Wing Time % Phy DF OF
1 Dylan Larkin Martin Necas 50 0 3 2
2 Macklin Celebrini Brad Marchand 50 0 3 2
4 vs 4 Defense
Defense Defense Time % Phy DF OF
1 Lane Hutson Adam Fox 50 0 3 2
2 Brady Skjei Damon Severson 50 0 3 2
Last Minutes Offensive
Center Left Wing Right Wing Defense Defense
Dylan Larkin Brad Marchand Martin Necas Lane Hutson Adam Fox
Last Minutes Defensive
Center Left Wing Right Wing Defense Defense
Jake Evans Ryan Poehling Drew O'Connor Brady Skjei Jeff Petry
Goaltenders
Starting : Stuart Skinner
Backup : Pyotr Kochetkov
Extra Forwards
Normal : Macklin Celebrini, Dylan Larkin, Martin Necas - PP : Dylan Larkin, Macklin Celebrini - PK : Martin Necas
Extra Defensemen
Normal : Lane Hutson, Brady Skjei, Adam Fox - PP : Lane Hutson - PK : Brady Skjei, Lane Hutson
Penalty Shots
Patrik Laine, Teddy Blueger, Ryan Poehling, Dylan Larkin, Arttu Hyry
Scratches
Evgeni Dadonov (Healthy), Ian Mitchell (Healthy), David Rittich (Healthy)
% Time on Ice - Quebec Nordiques
Lines # - Real PCT - Wanted PCT - Time Play
Normal Forward
1 - 31% - 32% - 15:19
2 - 25% - 30% - 12:37
3 - 27% - 28% - 13:43
4 - 17% - 10% - 8:26
Normal Defense
1 - 38% - 36% - 19:01
2 - 35% - 34% - 17:25
3 - 26% - 25% - 13:16
4 - 1% - 5% - 0:23
PP Forward
1 - 57% - 60% - 3:22
2 - 43% - 40% - 2:35
PP Defense
1 - 62% - 60% - 3:43
2 - 38% - 40% - 2:14
PK Forward
1 - 81% - 60% - 3:13
2 - 19% - 40% - 0:45
PK Defense
1 - 60% - 60% - 2:22
2 - 40% - 40% - 1:36
PK3 Forward
1 - 0% - 60%
2 - 0% - 40%
PK3 Defense
1 - 0% - 60%
2 - 0% - 40%
44 Forward
1 - 100% - 60% - 2:08
2 - 0% - 40% - 0:00
44 Defense
1 - 84% - 60% - 1:48
2 - 16% - 40% - 0:20
Last Minute Offensive - 0:00
Last Minute Defensive - 0:00
Total
Forward - 62:08
Defense - 62:08
|
% Time on Ice - Montreal Canadiens
Lines # - Real PCT - Wanted PCT - Time Play
Normal Forward
1 - 30% - 30% - 14:48
2 - 28% - 30% - 13:57
3 - 26% - 25% - 12:51
4 - 17% - 15% - 8:29
Normal Defense
1 - 32% - 35% - 16:11
2 - 32% - 35% - 15:55
3 - 36% - 30% - 17:59
4 - 0% - 0% - 0:00
PP Forward
1 - 50% - 50% - 1:58
2 - 50% - 50% - 2:00
PP Defense
1 - 47% - 50% - 1:52
2 - 53% - 50% - 2:06
PK Forward
1 - 50% - 50% - 2:59
2 - 50% - 50% - 2:58
PK Defense
1 - 44% - 50% - 2:36
2 - 56% - 50% - 3:21
PK3 Forward
1 - 0% - 50%
2 - 0% - 50%
PK3 Defense
1 - 0% - 50%
2 - 0% - 50%
44 Forward
1 - 77% - 50% - 1:39
2 - 23% - 50% - 0:29
44 Defense
1 - 48% - 50% - 1:02
2 - 52% - 50% - 1:06
Last Minute Offensive - 0:00
Last Minute Defensive - 0:00
Total
Forward - 62:08
Defense - 62:08
|
Play-by-Play
1st period
0:01 of 1st period - Dylan Larkin wins face-off versus Connor McDavid in neutral zone.
0:12 of 1st period - Snap shot by Dylan Larkin.
0:12 of 1st period - Stopped by Joseph Woll with a rebound.
0:28 of 1st period - Wrist shot by Patrik Laine.
0:28 of 1st period - Shot Blocked by Alex Vlasic.
0:30 of 1st period - Snap shot by Damon Severson.
0:30 of 1st period - Shot Blocked by Brock Faber.
0:32 of 1st period - Snap shot by Damon Severson.
0:32 of 1st period - Stopped by Joseph Woll without a rebound.
0:33 of 1st period - Ryan Poehling wins face-off versus Steven Stamkos in Quebec Nordiques zone.
0:44 of 1st period - Slapshot by Steven Stamkos.
0:44 of 1st period - Stopped by Stuart Skinner with a rebound.
0:58 of 1st period - Damon Severson is hit by Marco Rossi and loses puck.
1:29 of 1st period - Lane Hutson is hit by Nikolaj Ehlers and loses puck.
1:36 of 1st period - Snap shot by Marco Rossi.
1:36 of 1st period - Shot Misses the Net.
1:38 of 1st period - Snap shot by Marco Rossi.
1:38 of 1st period - Shot Misses the Net.
1:44 of 1st period - Slapshot by Marco Rossi.
1:44 of 1st period - Stopped by Stuart Skinner with a rebound.
1:46 of 1st period - Slapshot by Thomas Harley.
1:46 of 1st period - Stopped by Stuart Skinner with a rebound.
1:50 of 1st period - Wrist shot by Nikolaj Ehlers.
1:50 of 1st period - Deflect By Patrick Kane.
1:50 of 1st period - Shot Misses the Net.
1:50 of 1st period - Puck is out of play.
1:51 of 1st period - Macklin Celebrini wins face-off versus Steven Stamkos in Montreal Canadiens zone.
2:18 of 1st period - Shane Pinto is hit by Adam Fox and loses puck.
2:40 of 1st period - Off-side.
2:41 of 1st period - Connor McDavid wins face-off versus Teddy Blueger in neutral zone.
3:05 of 1st period - Connor McDavid is hit by Teddy Blueger and loses puck.
3:31 of 1st period - Alexandre Carrier is hit by Arttu Hyry and loses puck.
4:08 of 1st period - Snap shot by Alex DeBrincat.
4:08 of 1st period - Shot Blocked by Teddy Blueger.
4:14 of 1st period - Matt Duchene is hit by Damon Severson and loses puck.
4:23 of 1st period - Snap shot by Teddy Blueger.
4:23 of 1st period - Stopped by Joseph Woll without a rebound.
4:24 of 1st period - Macklin Celebrini wins face-off versus Steven Stamkos in Quebec Nordiques zone.
4:27 of 1st period - Wrist shot by Macklin Celebrini.
4:27 of 1st period - Goal by Macklin Celebrini - Quebec Nordiques : 0 - Montreal Canadiens : 1.
4:28 of 1st period - Macklin Celebrini wins face-off versus Steven Stamkos in neutral zone.
5:45 of 1st period - Wrist shot by Steven Stamkos.
5:45 of 1st period - Stopped by Stuart Skinner without a rebound.
5:46 of 1st period - Steven Stamkos wins face-off versus Dylan Larkin in Montreal Canadiens zone.
5:47 of 1st period - Slapshot by Matthew Knies.
5:47 of 1st period - Stopped by Stuart Skinner without a rebound.
5:48 of 1st period - Dylan Larkin wins face-off versus Steven Stamkos in Montreal Canadiens zone.
5:55 of 1st period - Wrist shot by Martin Necas.
5:55 of 1st period - Shot Misses the Net.
5:57 of 1st period - Wrist shot by Dylan Larkin.
5:57 of 1st period - Stopped by Joseph Woll without a rebound.
5:58 of 1st period - Patrick Kane wins face-off versus Macklin Celebrini in Quebec Nordiques zone.
6:11 of 1st period - Snap shot by Marco Rossi.
6:11 of 1st period - Stopped by Stuart Skinner without a rebound.
6:12 of 1st period - Dylan Larkin wins face-off versus Steven Stamkos in Montreal Canadiens zone.
6:31 of 1st period - Brock Faber is hit by Jake Evans and loses puck.
6:44 of 1st period - Wrist shot by Patrik Laine.
6:44 of 1st period - Stopped by Joseph Woll without a rebound.
6:45 of 1st period - Marco Rossi wins face-off versus Drew O'Connor in Quebec Nordiques zone.
7:33 of 1st period - Wrist shot by Alex DeBrincat.
7:33 of 1st period - Stopped by Stuart Skinner without a rebound.
7:34 of 1st period - Dylan Larkin wins face-off versus Marco Rossi in Montreal Canadiens zone.
7:59 of 1st period - Jake Middleton is hit by Juraj Slafkovsky and loses puck.
8:32 of 1st period - Wrist shot by Shane Pinto.
8:32 of 1st period - Goal by Shane Pinto - Quebec Nordiques : 1 - Montreal Canadiens : 1.
8:33 of 1st period - Marco Rossi wins face-off versus Macklin Celebrini in neutral zone.
8:36 of 1st period - Juraj Slafkovsky is hit by Michael Anderson and loses puck.
8:41 of 1st period - Slapshot by Nikolaj Ehlers.
8:41 of 1st period - Stopped by Stuart Skinner with a rebound.
8:43 of 1st period - Snap shot by Nikolaj Ehlers.
8:43 of 1st period - Deflect By Patrick Kane.
8:43 of 1st period - Shot Blocked by Jeff Petry.
8:43 of 1st period - Puck is out of play.
8:44 of 1st period - Dylan Larkin wins face-off versus Steven Stamkos in Montreal Canadiens zone.
9:01 of 1st period - Snap shot by Dylan Larkin.
9:01 of 1st period - Stopped by Joseph Woll with a rebound.
9:13 of 1st period - Brock Faber is hit by Damon Severson and loses puck.
9:18 of 1st period - Snap shot by Juraj Slafkovsky.
9:18 of 1st period - Deflect By Brock Faber.
9:18 of 1st period - Shot Misses the Net.
9:18 of 1st period - Puck is out of play.
9:19 of 1st period - Marco Rossi wins face-off versus Macklin Celebrini in Quebec Nordiques zone.
10:14 of 1st period - Damon Severson is hit by Jake Middleton and loses puck.
10:17 of 1st period - Slapshot by Damon Severson.
10:17 of 1st period - Stopped by Joseph Woll with a rebound.
11:22 of 1st period - Brock Faber is hit by Martin Necas and loses puck.
11:43 of 1st period - Alex Vlasic is hit by Teddy Blueger and loses puck.
12:16 of 1st period - Snap shot by Steven Stamkos.
12:16 of 1st period - Stopped by Stuart Skinner without a rebound.
12:17 of 1st period - Dylan Larkin wins face-off versus Marco Rossi in Montreal Canadiens zone.
12:24 of 1st period - Michael Anderson is hit by Jake Evans and loses puck.
13:02 of 1st period - Icing by Adam Fox.
13:03 of 1st period - Shane Pinto wins face-off versus Ryan Poehling in Montreal Canadiens zone.
13:26 of 1st period - Wrist shot by Patrik Laine.
13:26 of 1st period - Stopped by Joseph Woll with a rebound.
13:32 of 1st period - Adam Fox is hit by Alexandre Carrier and loses puck.
13:41 of 1st period - Slapshot by Nikolaj Ehlers.
13:41 of 1st period - Shot Misses the Net.
13:43 of 1st period - Snap shot by Marco Rossi.
13:43 of 1st period - Stopped by Stuart Skinner with a rebound.
13:45 of 1st period - Snap shot by Marco Rossi.
13:45 of 1st period - Stopped by Stuart Skinner without a rebound.
13:46 of 1st period - Connor McDavid wins face-off versus Macklin Celebrini in Montreal Canadiens zone.
13:49 of 1st period - Backhand shot by Connor McDavid.
13:49 of 1st period - Shot Blocked by Macklin Celebrini.
14:13 of 1st period - Snap shot by Rickard Rakell.
14:13 of 1st period - Stopped by Stuart Skinner without a rebound.
14:14 of 1st period - Steven Stamkos wins face-off versus Dylan Larkin in Montreal Canadiens zone.
14:21 of 1st period - Wrist shot by Steven Stamkos.
14:21 of 1st period - Stopped by Stuart Skinner with a rebound.
14:23 of 1st period - Snap shot by Alex Vlasic.
14:23 of 1st period - Deflect By Matthew Knies.
14:23 of 1st period - Stopped by Stuart Skinner without a rebound.
14:24 of 1st period - Connor McDavid wins face-off versus Macklin Celebrini in Montreal Canadiens zone.
14:27 of 1st period - Snap shot by Connor McDavid.
14:27 of 1st period - Shot Misses the Net.
14:33 of 1st period - Alex DeBrincat is hit by Juraj Slafkovsky and loses puck.
15:35 of 1st period - Snap shot by Dylan Larkin.
15:35 of 1st period - Goal by Dylan Larkin - Quebec Nordiques : 1 - Montreal Canadiens : 2.
15:36 of 1st period - Macklin Celebrini wins face-off versus Marco Rossi in neutral zone.
15:41 of 1st period - Wrist shot by Patrick Kane.
15:41 of 1st period - Shot Misses the Net.
15:43 of 1st period - Slapshot by Alex Vlasic.
15:43 of 1st period - Shot Blocked by Jeff Petry.
15:45 of 1st period - Wrist shot by Nikolaj Ehlers.
15:45 of 1st period - Stopped by Stuart Skinner without a rebound.
15:46 of 1st period - Macklin Celebrini wins face-off versus Marco Rossi in Montreal Canadiens zone.
15:51 of 1st period - Wrist shot by Macklin Celebrini.
15:51 of 1st period - Stopped by Joseph Woll without a rebound.
15:52 of 1st period - Connor McDavid wins face-off versus Macklin Celebrini in Quebec Nordiques zone.
16:07 of 1st period - Wrist shot by Alex DeBrincat.
16:07 of 1st period - Stopped by Stuart Skinner with a rebound.
16:19 of 1st period - Patrick Kane is hit by Jake Evans and loses puck.
17:04 of 1st period - Michael McCarron is hit by Teddy Blueger and loses puck.
17:48 of 1st period - Minor Penalty to Alex DeBrincat for Cross-checking.
17:49 of 1st period - Macklin Celebrini wins face-off versus Shane Pinto in Quebec Nordiques zone.
17:52 of 1st period - Slapshot by Brad Marchand.
17:52 of 1st period - Shot Misses the Net.
18:52 of 1st period - Slapshot by Matthew Knies.
18:52 of 1st period - Goal by Matthew Knies - Quebec Nordiques : 2 - Montreal Canadiens : 2.
18:53 of 1st period - Shane Pinto wins face-off versus Dylan Larkin in neutral zone.
19:38 of 1st period - Frederick Gaudreau is hit by Juraj Slafkovsky and loses puck.
19:48 of 1st period - Penalty to Alex DeBrincat is over, Alex DeBrincat is back on ice.
Goals for this period are 2 for Quebec Nordiques vs 2 for Montreal Canadiens.
Shots for this period are 18 for Quebec Nordiques vs 11 for Montreal Canadiens.
2nd period
0:01 of 2nd period - Connor McDavid wins face-off versus Jake Evans in neutral zone.
0:03 of 2nd period - Off-side.
0:04 of 2nd period - Dylan Larkin wins face-off versus Connor McDavid in neutral zone.
0:17 of 2nd period - Snap shot by Alex DeBrincat.
0:17 of 2nd period - Stopped by Stuart Skinner with a rebound.
0:19 of 2nd period - Slapshot by Alex Vlasic.
0:19 of 2nd period - Shot Blocked by Jake Evans.
0:31 of 2nd period - Snap shot by Macklin Celebrini.
0:31 of 2nd period - Stopped by Joseph Woll without a rebound.
0:32 of 2nd period - Macklin Celebrini wins face-off versus Marco Rossi in Quebec Nordiques zone.
0:41 of 2nd period - Slapshot by Nikolaj Ehlers.
0:41 of 2nd period - Stopped by Stuart Skinner with a rebound.
0:53 of 2nd period - Minor Penalty to Brad Marchand for Cross-checking.
0:54 of 2nd period - Matt Duchene wins face-off versus Ryan Poehling in Montreal Canadiens zone.
2:33 of 2nd period - Brady Skjei is hit by Matthew Knies and loses puck.
2:50 of 2nd period - Jake Evans is hit by Alex DeBrincat.
2:53 of 2nd period - Penalty to Brad Marchand is over, Brad Marchand is back on ice.
3:06 of 2nd period - Wrist shot by Frederick Gaudreau.
3:06 of 2nd period - Shot Blocked by Adam Fox.
3:41 of 2nd period - Wrist shot by Teddy Blueger.
3:41 of 2nd period - Stopped by Joseph Woll with a rebound.
4:16 of 2nd period - Matthew Knies is hit by Juraj Slafkovsky.
4:44 of 2nd period - Patrick Kane is hit by Erik Brannstrom and loses puck.
4:52 of 2nd period - Icing by Marco Rossi.
4:53 of 2nd period - Marco Rossi wins face-off versus Ryan Poehling in Quebec Nordiques zone.
5:47 of 2nd period - Snap shot by Dylan Larkin.
5:47 of 2nd period - Deflect By Martin Necas.
5:47 of 2nd period - Goal by Martin Necas - Quebec Nordiques : 2 - Montreal Canadiens : 3.
5:48 of 2nd period - Steven Stamkos wins face-off versus Martin Necas in neutral zone.
6:47 of 2nd period - Wrist shot by Patrick Kane.
6:47 of 2nd period - Shot Blocked by Macklin Celebrini.
6:59 of 2nd period - Snap shot by Macklin Celebrini.
6:59 of 2nd period - Stopped by Joseph Woll without a rebound.
7:00 of 2nd period - Teddy Blueger wins face-off versus Shane Pinto in Quebec Nordiques zone.
7:07 of 2nd period - Snap shot by Teddy Blueger.
7:07 of 2nd period - Shot Blocked by Alexandre Carrier.
7:09 of 2nd period - Slapshot by Teddy Blueger.
7:09 of 2nd period - Stopped by Joseph Woll without a rebound.
7:10 of 2nd period - Steven Stamkos wins face-off versus Dylan Larkin in Quebec Nordiques zone.
7:10 of 2nd period - Steven Stamkos is hit by Dylan Larkin.
7:20 of 2nd period - Slapshot by Rickard Rakell.
7:20 of 2nd period - Stopped by Stuart Skinner with a rebound.
7:22 of 2nd period - Snap shot by Steven Stamkos.
7:22 of 2nd period - Stopped by Stuart Skinner with a rebound.
8:38 of 2nd period - Icing by Adam Fox.
8:39 of 2nd period - Teddy Blueger wins face-off versus Steven Stamkos in Montreal Canadiens zone.
8:52 of 2nd period - Snap shot by Dylan Larkin.
8:52 of 2nd period - Stopped by Joseph Woll with a rebound.
8:54 of 2nd period - Wrist shot by Jake Evans.
8:54 of 2nd period - Stopped by Joseph Woll without a rebound.
8:55 of 2nd period - Connor McDavid wins face-off versus Ryan Poehling in Quebec Nordiques zone.
8:59 of 2nd period - Off-side.
9:00 of 2nd period - Ryan Poehling wins face-off versus Matt Duchene in neutral zone.
9:36 of 2nd period - Minor Penalty to Dylan Larkin for Cross-checking.
9:37 of 2nd period - Teddy Blueger wins face-off versus Matt Duchene in Montreal Canadiens zone.
10:01 of 2nd period - Thomas Harley is hit by Lane Hutson and loses puck.
10:14 of 2nd period - Alex DeBrincat is hit by Jeff Petry.
11:32 of 2nd period - Ryan Poehling is hit by Shane Pinto.
11:36 of 2nd period - Penalty to Dylan Larkin is over, Dylan Larkin is back on ice.
12:33 of 2nd period - Alexandre Carrier is hit by Brad Marchand and loses puck.
13:02 of 2nd period - Wrist shot by Patrik Laine.
13:02 of 2nd period - Shot Misses the Net.
13:04 of 2nd period - Wrist shot by Drew O'Connor.
13:04 of 2nd period - Stopped by Joseph Woll with a rebound.
14:36 of 2nd period - Alex Vlasic is hit by Ryan Poehling and loses puck.
14:53 of 2nd period - Brock Faber is hit by Jake Evans and loses puck.
16:06 of 2nd period - Snap shot by Macklin Celebrini.
16:06 of 2nd period - Shot Hit the Post.
17:09 of 2nd period - Snap shot by Rickard Rakell.
17:09 of 2nd period - Shot Blocked by Brad Marchand.
17:21 of 2nd period - Snap shot by Martin Necas.
17:21 of 2nd period - Stopped by Joseph Woll with a rebound.
17:23 of 2nd period - Minor Penalty to Patrick Kane for Cross-checking.
17:24 of 2nd period - Dylan Larkin wins face-off versus Shane Pinto in Quebec Nordiques zone.
17:25 of 2nd period - Wrist shot by Patrik Laine.
17:25 of 2nd period - Shot Misses the Net.
17:27 of 2nd period - Snap shot by Dylan Larkin.
17:27 of 2nd period - Shot Blocked by Michael Anderson.
17:31 of 2nd period - Snap shot by Patrik Laine.
17:31 of 2nd period - Stopped by Joseph Woll with a rebound.
17:33 of 2nd period - Slapshot by Lane Hutson.
17:33 of 2nd period - Shot Blocked by Michael Anderson.
17:35 of 2nd period - Slapshot by Juraj Slafkovsky.
17:35 of 2nd period - Shot Misses the Net.
17:37 of 2nd period - Slapshot by Lane Hutson.
17:37 of 2nd period - Stopped by Joseph Woll with a rebound.
17:39 of 2nd period - Slapshot by Adam Fox.
17:39 of 2nd period - Shot Blocked by Alex Vlasic.
19:23 of 2nd period - Penalty to Patrick Kane is over, Patrick Kane is back on ice.
Goals for this period are 0 for Quebec Nordiques vs 1 for Montreal Canadiens.
Shots for this period are 4 for Quebec Nordiques vs 11 for Montreal Canadiens.
3rd period
0:01 of 3rd period - Dylan Larkin wins face-off versus Connor McDavid in neutral zone.
0:56 of 3rd period - Alex Vlasic is hit by Brady Skjei and loses puck.
1:11 of 3rd period - Wrist shot by Teddy Blueger.
1:11 of 3rd period - Stopped by Joseph Woll with a rebound.
1:13 of 3rd period - Wrist shot by Arttu Hyry.
1:13 of 3rd period - Shot Blocked by Michael McCarron.
1:15 of 3rd period - Wrist shot by Erik Brannstrom.
1:15 of 3rd period - Stopped by Joseph Woll with a rebound.
2:24 of 3rd period - Wrist shot by Steven Stamkos.
2:24 of 3rd period - Stopped by Stuart Skinner without a rebound.
2:25 of 3rd period - Dylan Larkin wins face-off versus Marco Rossi in Montreal Canadiens zone.
2:34 of 3rd period - Snap shot by Lane Hutson.
2:34 of 3rd period - Stopped by Joseph Woll without a rebound.
2:35 of 3rd period - Marco Rossi wins face-off versus Dylan Larkin in Quebec Nordiques zone.
3:15 of 3rd period - Snap shot by Dylan Larkin.
3:15 of 3rd period - Stopped by Joseph Woll without a rebound.
3:16 of 3rd period - Connor McDavid wins face-off versus Macklin Celebrini in Quebec Nordiques zone.
3:38 of 3rd period - Minor Penalty to Brad Marchand for Hooking.
3:39 of 3rd period - Matt Duchene wins face-off versus Teddy Blueger in Montreal Canadiens zone.
3:44 of 3rd period - Snap shot by Matt Duchene.
3:44 of 3rd period - Stopped by Stuart Skinner with a rebound.
4:06 of 3rd period - Ilya Lyubushkin is hit by Steven Stamkos.
4:34 of 3rd period - Patrick Kane is hit by Lane Hutson and loses puck.
5:38 of 3rd period - Penalty to Brad Marchand is over, Brad Marchand is back on ice.
5:39 of 3rd period - Brad Marchand is hit by Connor McDavid and loses puck.
6:48 of 3rd period - Off-side.
6:49 of 3rd period - Ryan Poehling wins face-off versus Steven Stamkos in neutral zone.
6:54 of 3rd period - Snap shot by Patrik Laine.
6:54 of 3rd period - Stopped by Joseph Woll with a rebound.
6:56 of 3rd period - Wrist shot by Patrik Laine.
6:56 of 3rd period - Shot Misses the Net.
6:58 of 3rd period - Snap shot by Ryan Poehling.
6:58 of 3rd period - Stopped by Joseph Woll without a rebound.
6:59 of 3rd period - Macklin Celebrini wins face-off versus Connor McDavid in Quebec Nordiques zone.
7:12 of 3rd period - Snap shot by Brad Marchand.
7:12 of 3rd period - Stopped by Joseph Woll with a rebound.
7:14 of 3rd period - Slapshot by Ilya Lyubushkin.
7:14 of 3rd period - Shot Blocked by Michael Anderson.
7:16 of 3rd period - Snap shot by Adam Fox.
7:16 of 3rd period - Stopped by Joseph Woll with a rebound.
7:28 of 3rd period - Slapshot by Steven Stamkos.
7:28 of 3rd period - Shot Blocked by Ryan Poehling.
7:36 of 3rd period - Rickard Rakell is hit by Patrik Laine and loses puck.
8:19 of 3rd period - Snap shot by Adam Fox.
8:19 of 3rd period - Shot Blocked by Marco Rossi.
8:34 of 3rd period - Slapshot by Adam Fox.
8:34 of 3rd period - Deflect By Patrik Laine.
8:34 of 3rd period - Shot Misses the Net.
8:34 of 3rd period - Puck is out of play.
8:35 of 3rd period - Connor McDavid wins face-off versus Macklin Celebrini in Quebec Nordiques zone.
8:56 of 3rd period - Brad Marchand is hit by Matt Duchene and loses puck.
9:17 of 3rd period - Wrist shot by Matt Duchene.
9:17 of 3rd period - Shot Misses the Net.
9:25 of 3rd period - Slapshot by Juraj Slafkovsky.
9:25 of 3rd period - Shot Misses the Net.
9:27 of 3rd period - Snap shot by Brady Skjei.
9:27 of 3rd period - Shot Blocked by Connor McDavid.
9:29 of 3rd period - Wrist shot by Macklin Celebrini.
9:29 of 3rd period - Shot Misses the Net.
9:31 of 3rd period - Slapshot by Brad Marchand.
9:31 of 3rd period - Stopped by Joseph Woll with a rebound.
10:47 of 3rd period - Off-side.
10:48 of 3rd period - Dylan Larkin wins face-off versus Steven Stamkos in neutral zone.
10:58 of 3rd period - Jake Evans is hit by Michael Anderson and loses puck.
11:38 of 3rd period - Wrist shot by Shane Pinto.
11:38 of 3rd period - Shot Misses the Net.
11:40 of 3rd period - Wrist shot by Frederick Gaudreau.
11:40 of 3rd period - Stopped by Stuart Skinner with a rebound.
11:42 of 3rd period - Slapshot by Shane Pinto.
11:42 of 3rd period - Stopped by Stuart Skinner without a rebound.
11:43 of 3rd period - Shane Pinto wins face-off versus Dylan Larkin in Montreal Canadiens zone.
12:18 of 3rd period - Slapshot by Ryan Poehling.
12:18 of 3rd period - Stopped by Joseph Woll without a rebound.
12:19 of 3rd period - Steven Stamkos wins face-off versus Ryan Poehling in Quebec Nordiques zone.
12:26 of 3rd period - Snap shot by Patrik Laine.
12:26 of 3rd period - Shot Misses the Net.
12:28 of 3rd period - Slapshot by Ryan Poehling.
12:28 of 3rd period - Stopped by Joseph Woll with a rebound.
12:30 of 3rd period - Slapshot by Adam Fox.
12:30 of 3rd period - Shot Blocked by Rickard Rakell.
12:32 of 3rd period - Snap shot by Ilya Lyubushkin.
12:32 of 3rd period - Stopped by Joseph Woll with a rebound.
12:34 of 3rd period - Snap shot by Drew O'Connor.
12:34 of 3rd period - Shot Misses the Net.
12:51 of 3rd period - Nikolaj Ehlers is hit by Jake Evans and loses puck.
13:12 of 3rd period - Teddy Blueger is hit by Brock Faber and loses puck.
13:17 of 3rd period - Wrist shot by Frederick Gaudreau.
13:17 of 3rd period - Deflect By Shane Pinto.
13:17 of 3rd period - Stopped by Stuart Skinner with a rebound.
13:50 of 3rd period - Martin Necas is hit by Marco Rossi and loses puck.
14:09 of 3rd period - Nikolaj Ehlers is hit by Juraj Slafkovsky and loses puck.
14:24 of 3rd period - Wrist shot by Ryan Poehling.
14:24 of 3rd period - Stopped by Joseph Woll with a rebound.
14:40 of 3rd period - Off-side.
14:41 of 3rd period - Dylan Larkin wins face-off versus Steven Stamkos in neutral zone.
15:10 of 3rd period - Slapshot by Connor McDavid.
15:10 of 3rd period - Shot Blocked by Brady Skjei.
15:56 of 3rd period - Arttu Hyry is hit by Shane Pinto and loses puck.
16:16 of 3rd period - Alexandre Carrier is hit by Brad Marchand and loses puck.
16:25 of 3rd period - Wrist shot by Juraj Slafkovsky.
16:25 of 3rd period - Shot Misses the Net.
16:45 of 3rd period - Slapshot by Ryan Poehling.
16:45 of 3rd period - Stopped by Joseph Woll with a rebound.
17:03 of 3rd period - Off-side.
17:04 of 3rd period - Teddy Blueger wins face-off versus Marco Rossi in neutral zone.
17:11 of 3rd period - Slapshot by Teddy Blueger.
17:11 of 3rd period - Stopped by Joseph Woll with a rebound.
17:29 of 3rd period - Patrik Laine is hit by Alex DeBrincat.
17:36 of 3rd period - Off-side.
17:37 of 3rd period - Ryan Poehling wins face-off versus Marco Rossi in neutral zone.
17:39 of 3rd period - Off-side.
17:40 of 3rd period - Marco Rossi wins face-off versus Ryan Poehling in neutral zone.
17:47 of 3rd period - Slapshot by Marco Rossi.
17:47 of 3rd period - Deflect By Adam Fox.
17:47 of 3rd period - Shot Misses the Net.
17:47 of 3rd period - Puck is out of play.
17:48 of 3rd period - Ryan Poehling wins face-off versus Marco Rossi in Montreal Canadiens zone.
17:48 of 3rd period - Ryan Poehling is hit by Patrick Kane.
17:56 of 3rd period - Snap shot by Patrick Kane.
17:56 of 3rd period - Goal by Patrick Kane - Quebec Nordiques : 3 - Montreal Canadiens : 3.
17:57 of 3rd period - Marco Rossi wins face-off versus Drew O'Connor in neutral zone.
18:05 of 3rd period - Wrist shot by Nikolaj Ehlers.
18:05 of 3rd period - Stopped by Stuart Skinner with a rebound.
18:07 of 3rd period - Slapshot by Alex Vlasic.
18:07 of 3rd period - Shot Misses the Net.
18:23 of 3rd period - Erik Brannstrom is hit by Alex DeBrincat and loses puck.
18:49 of 3rd period - Wrist shot by Martin Necas.
18:49 of 3rd period - Shot Misses the Net.
Goals for this period are 1 for Quebec Nordiques vs 0 for Montreal Canadiens.
Shots for this period are 7 for Quebec Nordiques vs 15 for Montreal Canadiens.
Overtime #1
0:01 of 1st overtime period - Connor McDavid wins face-off versus Dylan Larkin in neutral zone.
0:36 of 1st overtime period - Snap shot by Macklin Celebrini.
0:36 of 1st overtime period - Stopped by Joseph Woll without a rebound.
0:37 of 1st overtime period - Macklin Celebrini wins face-off versus Connor McDavid in Quebec Nordiques zone.
0:38 of 1st overtime period - Snap shot by Brad Marchand.
0:38 of 1st overtime period - Stopped by Joseph Woll without a rebound.
0:39 of 1st overtime period - Connor McDavid wins face-off versus Macklin Celebrini in Quebec Nordiques zone.
0:56 of 1st overtime period - Wrist shot by Dylan Larkin.
0:56 of 1st overtime period - Stopped by Joseph Woll without a rebound.
0:57 of 1st overtime period - Dylan Larkin wins face-off versus Connor McDavid in Quebec Nordiques zone.
1:54 of 1st overtime period - Slapshot by Martin Necas.
1:54 of 1st overtime period - Shot Blocked by Alex Vlasic.
2:08 of 1st overtime period - Snap shot by Alex DeBrincat.
2:08 of 1st overtime period - Goal by Alex DeBrincat - Quebec Nordiques : 4 - Montreal Canadiens : 3.
Goals for this period are 1 for Quebec Nordiques vs 0 for Montreal Canadiens.
Shots for this period are 1 for Quebec Nordiques vs 3 for Montreal Canadiens.
Back to the Top